 Dungeon Sprint DCSS version 0.28-a0-479-g5baa6b73be (webtiles) character file.

Game seed: 18110824837552965888

19652 rocky1 the Warrior (level 12, -14/154 HPs)
             Began as an Ogre Hunter on Sept 18, 2021.
             Was a High Priest of Cheibriados.
             Demolished by a yaktaur captain (22 damage)
             ... in the Dungeon (Sprint VII: "The Pits").
             The game lasted 00:14:13 (3189 turns).

rocky1 the Warrior (Ogre Hunter)                    Turns: 3189, Time: 00:14:14

Health: -14/154    AC:  4    Str: 38    XL:     12   Next: 71%
Magic:  13/22      EV: 22    Int: 25    God:    Cheibriados [*****.]
Gold:   25         SH:  0    Dex: 26    Spells: 11/11 levels left

rFire   . . .      SeeInvis .   e - +3 mace (protect)
rCold   . . .      Faith    .   (no shield)
rNeg    . . .      Spirit   .   b - +0 robe
rPois   .          Reflect  .   u - +0 hat
rElec   .          Harm     .   t - +0 cloak
rCorr   .          Rampage  .   (gloves unavailable)
Will    +....      NoTele   +   (boots unavailable)
Stlth   ++........              (no amulet)
HPRegen 0.35/turn               n - +3 ring of dexterity
MPRegen 0.18/turn               o - +3 ring of strength

@: very slow
A: large, unfitting armour, tough skin 1
a: Renounce Religion, Bend Time, Temporal Distortion, Slouch, Step From Time


You were in the Dungeon.
You worshipped Cheibriados.
Cheibriados was extremely pleased with you.
You visited 1 branch You collected 25 gold pieces.

Inventory:

Hand Weapons
 e - a +3 mace of protection (weapon)
 q - a +2 vorpal dire flail
 r - a +2 war axe of freezing
Missiles
 c - 5 large rocks (quivered)
 d - 2 throwing nets
Armour
 b - a +0 robe (worn)
 t - a +0 cloak (worn)
 u - a +0 hat (worn)
Magical Staves
 B - a staff of fire
Jewellery
 n - a +3 ring of dexterity (left hand)
 o - a +3 ring of strength (right hand)
 v - a ring of see invisible
 z - a ring of protection from fire
Wands
 g - a wand of digging (8)
 s - a wand of iceblast (6)
Scrolls
 l - 6 scrolls of amnesia
 m - a scroll of summoning
 w - 4 scrolls of fog
 x - 3 scrolls of fear
 y - 2 scrolls of identify
 E - 2 scrolls of enchant armour
Potions
 a - 9 potions of curing
 f - 10 potions of heal wounds
 h - 2 potions of magic
 i - 8 potions of berserk rage
 k - 2 potions of invisibility
 p - a potion of might
 C - 2 potions of resistance
 D - a potion of brilliance


   Skills:
 + Level 19.4 Fighting
 + Level 14.2 Maces & Flails
 - Level 4.0 Throwing
 + Level 14.4 Dodging
 - Level 0.6 Stealth
 + Level 14.6 Invocations
 + Level 9.0 Evocations


You had 11 spell levels left.
You didn't know any spells.
Your spell library was empty.

Dungeon Overview and Level Annotations

Branches:
Dungeon (1/1)

Altars:
Ashenzari
Cheibriados
Dithmenos
Elyvilon
Fedhas
Gozag
Hepliaklqana
Kikubaaqudgha
Makhleb
Nemelex Xobeh
Okawaru
Qazlal
Ru
Sif Muna
Trog
Uskayaw
Vehumet
Wu Jian
Xom
Yredelemnul
Zin
The Shining One
Beogh
Jiyva
Lugonu


Innate Abilities, Weirdness & Mutations

You are too large for most types of armour.
You have tough skin. (AC +1)


Message History

Unknown command.
You hit the vault guard.
The vault guard is almost dead.
You hit the vault guard.
The vault guard is almost dead.
The vault guard misses you.
You barely miss the yaktaur captain.
The yaktaur captain is heavily wounded.
The yaktaur captain hits you!
* * * LOW HITPOINT WARNING * * *
The vault guard closely misses you.
Unknown command.
You feel much better.
The yaktaur captain completely misses you.
The vault guard hits you with a +0 great sword!!
* * * LOW HITPOINT WARNING * * *
Unknown command.
You feel much better.
The yaktaur captain hits you but does no damage.
The vault guard hits you but does no damage.
Unknown command.
Magic courses through your body. The yaktaur captain closely misses you.
The vault guard hits you with a +0 great sword!
* * * LOW HITPOINT WARNING * * *
Unknown command.
You can feel time thicken for a moment.
You kill the vault guard!
Cheibriados appreciates the change of pace.
The yaktaur captain hits you!
* * * LOW HITPOINT WARNING * * *
Your Evocations skill increases to level 9!
Unknown command.
Unknown command.
You barely miss the yaktaur captain.
The yaktaur captain is severely wounded.
The yaktaur captain completely misses you.
You can feel time thicken for a moment.
Cheibriados lowers the support of your attributes as your movement quickens.
The yaktaur captain hits you!!
You die...

#++########################
#.........@)...............
#.........c.....)).........
#..##############))########
#..# #.k.))...# #†.#
#........# #.†# ####.)####
#†.# o.o. #..# ..o.. #..#
.o...


You could see a yaktaur captain.

Vanquished Creatures
  2 orc warlords (D)
  A vault guard (D)
  A spriggan druid (D)
  Pikel (D)
  A lindwurm (D)
  A deep elf zephyrmancer (D)
  9 orc knights (D)
  A manticore (D)
  A rust devil (D)
  Maurice (D)
  A cane toad (D)
  A rime drake (D)
  A yaktaur (D)
  An unseen horror (D)
  A freezing wraith (D)
  A kobold demonologist (D)
  An ice devil (D)
  A komodo dragon (D)
  A guardian mummy (D)
  3 hellwings (D)
  2 jumping spiders (D)
  A wind drake (D)
  Grinder (D)
  A snapping turtle (D)
  4 blink frogs (D)
  6 slime creatures (D)
  6 dream sheep (D)
  A flying skull (D)
  A tarantella (D)
  A basilisk (D)
  A shadow (D)
  5 yaks (D)
  A chaos spawn (D)
  A neqoxec (D)
  4 vampire mosquitoes (D)
  An acid dragon (D)
  A floating eye (D)
  A black bear (D)
  A swamp drake (D)
  4 lemures (D)
  2 kobold brigands (D)
  3 scorpions (D)
  3 killer bees (D)
  2 hounds (D)
  An orc priest (D)
  An iguana (D)
  A mummy (D)
  3 gnolls (D)
  A river rat (D)
  A white imp (D)
  6 orcs (D)
  A bat (D)
  An endoplasm (D)
  A giant cockroach (D)
  2 goblins (D)
  2 jackals (D)
  4 kobolds (D)
  A quokka (D)
  4 ball pythons (D)
  A bat simulacrum (D)
  A frilled lizard (D)
  A quokka zombie (D)
118 creatures vanquished.

Notes
Turn   | Place    | Note
-------+----------+-------------------------------------------
     0 | D        | rocky1 the Ogre Hunter began the quest for the Orb.
     0 | D        | Reached XP level 1. HP: 22/22 MP: 1/1
    25 | D        | Reached skill level 3 in Fighting
   140 | D        | Found a bloodstained altar of Trog.
   140 | D        | Found a shimmering blue altar of Sif Muna.
   140 | D        | Found a viscous altar of Jiyva.
   140 | D        | Found a hazy altar of Hepliaklqana.
   140 | D        | Found an opulent altar of Gozag.
   141 | D        | Found a glowing golden altar of the Shining One.
   141 | D        | Found a glowing silver altar of Zin.
   141 | D        | Found a basalt altar of Yredelemnul.
   141 | D        | Found a shimmering altar of Xom.
   141 | D        | Found an ornate altar of the Wu Jian Council.
   141 | D        | Found a sacrificial altar of Ru.
   141 | D        | Found a stormy altar of Qazlal.
   141 | D        | Found an iron altar of Okawaru.
   141 | D        | Found a sparkling altar of Nemelex Xobeh.
   141 | D        | Found a burning altar of Makhleb.
   141 | D        | Found a blossoming altar of Fedhas.
   141 | D        | Found a white marble altar of Elyvilon.
   141 | D        | Found a shadowy altar of Dithmenos.
   141 | D        | Found a snail-covered altar of Cheibriados.
   143 | D        | Found a radiant altar of Vehumet.
   143 | D        | Found a corrupted altar of Lugonu.
   144 | D        | Found a hide-covered altar of Uskayaw.
   144 | D        | Found an ancient bone altar of Kikubaaqudgha.
   144 | D        | Found a broken altar of Ashenzari.
   152 | D        | Became a worshipper of Cheibriados the Contemplative
   196 | D        | Reached * piety under Cheibriados
   205 | D        | Reached ** piety under Cheibriados
   206 | D        | Reached skill level 4 in Fighting
   206 | D        | Reached skill level 1 in Invocations
   206 | D        | Reached XP level 2. HP: 26/32 MP: 2/2
   270 | D        | Reached skill level 1 in Maces & Flails
   275 | D        | Reached *** piety under Cheibriados
   276 | D        | Reached skill level 5 in Fighting
   276 | D        | Reached XP level 3. HP: 15/42 MP: 2/4
   525 | D        | Noticed a black bear
   533 | D        | Killed a black bear
   533 | D        | Reached **** piety under Cheibriados
   534 | D        | Reached skill level 7 in Fighting
   534 | D        | Reached XP level 4. HP: 29/55 MP: 4/7
   534 | D        | Reached XP level 5. HP: 33/62 MP: 4/8
   539 | D        | Noticed Grinder
   540 | D        | Noticed a floating eye
   542 | D        | Killed Grinder
   542 | D        | Reached ***** piety under Cheibriados
   542 | D        | Paralysed by a floating eye for 3 turns
   543 | D        | Reached skill level 9 in Fighting
   543 | D        | Reached skill level 5 in Maces & Flails
   543 | D        | Reached XP level 6. HP: 37/75 MP: 5/11
   548 | D        | Paralysed by a floating eye for 3 turns
   554 | D        | Killed a floating eye
   555 | D        | Reached skill level 10 in Fighting
   555 | D        | Reached XP level 7. HP: 39/85 MP: 7/12
   893 | D        | Noticed a flying skull
   895 | D        | Reached ****** piety under Cheibriados
   899 | D        | Killed a flying skull
   900 | D        | Reached skill level 11 in Fighting
  1010 | D        | Noticed a freezing wraith
  1010 | D        | Noticed a hellwing
  1013 | D        | Reached XP level 8. HP: 94/97 MP: 3/14
  1015 | D        | Killed a hellwing
  1017 | D        | Killed a freezing wraith
  1018 | D        | Reached skill level 12 in Fighting
  1018 | D        | Reached skill level 10 in Invocations
  1116 | D        | Noticed a rime drake
  1122 | D        | Killed a rime drake
  1123 | D        | Reached XP level 9. HP: 74/109 MP: 11/16
  1256 | D        | Noticed a cane toad
  1259 | D        | Killed an unseen horror
  1259 | D        | Killed a cane toad
  1260 | D        | Reached skill level 13 in Fighting
  1260 | D        | Reached skill level 10 in Dodging
  1376 | D        | Noticed Maurice
  1378 | D        | Reached skill level 14 in Fighting
  1378 | D        | Reached skill level 10 in Maces & Flails
  1379 | D        | Reached skill level 15 in Fighting
  1379 | D        | Reached XP level 10. HP: 93/124 MP: 6/17
  1382 | D        | Killed Maurice
  1626 | D        | Reached skill level 1 in Evocations
  1655 | D        | Noticed a deep elf zephyrmancer
  1664 | D        | Killed a deep elf zephyrmancer
  1665 | D        | Reached skill level 16 in Fighting
  1776 | D        | Noticed a kobold demonologist
  1778 | D        | Killed a kobold demonologist
  1868 | D        | Reached XP level 11. HP: 94/137 MP: 16/19
  2001 | D        | Noticed Pikel
  2007 | D        | Killed Pikel
  2020 | D        | Reached skill level 5 in Evocations
  2252 | D        | Noticed a manticore
  2253 | D        | Noticed a lindwurm
  2255 | D        | Reached skill level 17 in Fighting
  2257 | D        | Killed a manticore
  2258 | D        | Killed a lindwurm
  3024 | D        | Reached skill level 18 in Fighting
  3143 | D        | Noticed a spriggan druid
  3143 | D        | Noticed an orc knight
  3143 | D        | Noticed an orc knight
  3143 | D        | Noticed an orc knight
  3143 | D        | Noticed an orc knight
  3143 | D        | Noticed an orc knight
  3143 | D        | Noticed an orc knight
  3144 | D        | Noticed an orc warlord
  3144 | D        | Noticed an orc warlord
  3144 | D        | Noticed an orc knight
  3145 | D        | Noticed an orc knight
  3148 | D        | Killed a spriggan druid
  3148 | D        | Killed an orc knight
  3148 | D        | Killed an orc knight
  3148 | D        | Killed an orc knight
  3148 | D        | Killed an orc knight
  3149 | D        | Reached XP level 12. HP: 114/152 MP: 10/22
  3153 | D        | Killed an orc warlord
  3154 | D        | Reached skill level 19 in Fighting
  3154 | D        | Killed an orc warlord
  3160 | D        | Noticed a vault guard
  3161 | D        | Noticed a yaktaur captain
  3187 | D        | Killed a vault guard
  3189 | D        | Demolished by a yaktaur captain

Illustrated notes

Levels and vault maps discovered:
D:        pitsprint [storerooms_1, entrance_room_1, metal_vault_7, armoury_2,
          mini_pit_1, grid_room_1, main_hall_1, silver_pit, the_coven_3,
          the_vestibule_1, steel_vault_1, golden_pit, hallway_of_sentries,
          crystal_vault_5, iron_vault_2, final_vault]

Skill      XL: |  1  2  3  4  5  6  7  8  9 10 11 12 |
---------------+-------------------------------------+-----
Fighting       | 4 5 7 9 10 11 12 15 16 18 19 | 19.4
Dodging        | 2 3 4 6 7 8 9 11 12 13 14 | 14.4
Invocations    | 1 2 4 6 7 9 10 11 13 14 | 14.6
Maces & Flails | 2 4 5 6 7 9 10 12 13 14 | 14.2
Evocations     | 4 7 9 |  9.0
Throwing       | |  4.0
Stealth        | |  0.6

Action                   |  1- 3 |  4- 6 |  7- 9 | 10-12 || total
-------------------------+-------+-------+-------+-------++-------
Melee: Mace              |    26 |     8 |    30 |   136 ||   200
       Short sword       |     8 |       |       |       ||     8
Throw: Large rock        |     1 |     4 |     1 |     8 ||    14
Invok: Slouch            |       |       |     7 |    25 ||    32
  Use: Potion            |     1 |       |       |     7 ||     8
       Scroll            |       |       |       |     2 ||     2
 Stab: Sleeping          |       |       |     2 |       ||     2
Armor: Robe              |    10 |     8 |     6 |    25 ||    49
Dodge: Dodged            |    15 |     4 |    27 |   120 ||   166

Table legend: (Time is in decaauts)
 A = Elapsed time spent in this place.
 B = Non-inter-level travel time spent in this place.
 C = Inter-level travel time spent in this place.
 D = Time resting spent in this place.
 E = Time spent auto-exploring this place.
 F = Levels seen in this place.
 G = Mean time per level.
                   A        B        C        D        E       F      G
               +--------+--------+--------+--------+--------+-----+--------+
         Total |   3694 |   3598 |     96 |   2213 |      0 |   1 | 3694.0 |
       Dungeon |   3694 |   3598 |     96 |   2213 |      0 |   1 | 3694.0 |
               +--------+--------+--------+--------+--------+-----+--------+

Top non-repeatable levels by time:
       D: 3694 daAuts
